 Dungeon Crawl Stone Soup version 0.31.0-32-g396128a36d (webtiles) character file.

Game seed: 6829622191749764527

532 hawla the Firebug (level 7, -3/38 HPs)
             Began as a Deep Elf Fire Elementalist on Apr 15, 2024.
             Was a Follower of Vehumet.
             Slain by Prince Ribbit (9 damage)
             ... on level 5 of the Dungeon.
             The game lasted 00:07:20 (4193 turns).

hawla the Firebug (Deep Elf Fire Elementalist)      Turns: 4193, Time: 00:07:20

Health: -3/38      AC:  4    Str:  9    XL:     7   Next: 3%
Magic:  8/14       EV: 13    Int: 22    God:    Vehumet [*.....]
Gold:   285        SH:  0    Dex: 18    Spells: 6/13 levels left

rFire   . . .        j - +6 quarterstaff of Calculation {flame, Fly Str+4 Dex+3}
rCold   . . .        (shield currently unavailable)
rNeg    . . .        a - +1 robe
rPois   .            (no helmet)
rElec   .            (no cloak)
rCorr   .            e - +0 pair of gloves
SInv    .            (no boots)
Will    .....        (no amulet)
Stlth   ++           c - ring of wizardry
HPRegen 0.26/turn    (no ring)
MPRegen 0.14/turn

%: wizardry (x1)
@: flying
A: no striking features
a: Renounce Religion


You were on level 5 of the Dungeon.
You worshipped Vehumet.
Vehumet was aware of your devotion.
You visited 1 branch of the dungeon, and saw 5 of its levels.

You collected 285 gold pieces.

Inventory:

Hand Weapons
 j - the +6 quarterstaff of Calculation (weapon) {flame, Fly Str+4 Dex+3}
   (You found it on level 2 of the Dungeon)

   Str+4:     It affects your strength (+4).
   Dex+3:     It affects your dexterity (+3).
   Fly:       It grants you flight.
Armour
 a - a +1 robe (worn)
 e - a +0 pair of gloves (worn)
Jewellery
 c - a ring of wizardry (left hand)
Scrolls
 g - a scroll of torment
Potions
 b - 2 potions of magic
 d - a potion of brilliance
 f - a potion of cancellation {unknown}
 h - 2 potions of might {unknown}
 i - a potion of enlightenment {unknown}
 k - a potion of mutation {unknown}
 l - a potion of haste {unknown}
 m - a potion of heal wounds {unknown}
 n - a potion of degeneration {unknown}
 o - 3 potions of lignification {unknown}
 q - a potion of invisibility {unknown}


   Skills:
 + Level 1.2 Fighting
 * Level 2.9 Staves
 + Level 3.3 Dodging
 - Level 2.4 Stealth
 - Level 3.6 Spellcasting
 - Level 2.8 Conjurations
 - Level 6.6 Fire Magic


You had 6 spell levels left.
You knew the following spells:

 Your Spells              Type           Power      Damage    Failure   Level
a - Foxfire               Conj/Fire      100%       2x1d9     1%          1
b - Scorch                Fire           66%        2d7       1%          2
c - Flame Wave            Conj/Fire      25%        2d8       6%          4

Your spell library contained the following spells:

 Spells                   Type           Power      Damage    Failure   Level
 Kiss of Death            Conj/Necr      40%        2d8       2%          1
 Inner Flame              Hex/Fire       18%        N/A       3%          3
 Volatile Blastmotes      Fire/Tloc      36%        2d13      3%          3
 Sandblast                Erth           8%         2d5       4%          1
 Momentum Strike          Conj/Tloc      20%        3d8       4%          2
 Blink                    Tloc           8%         N/A       7%          2
 Lesser Beckoning         Tloc           8%         N/A       7%          2
 Sublimation of Blood     Necr           4%         N/A       7%          2
 Dazzling Flash           Conj/Hex       20%        N/A       8%          3
 Stone Arrow              Conj/Erth      20%        3d8       8%          3
 Passwall                 Erth           4%         N/A       14%         3
 Brom's Barrelling Bould  Conj/Erth      10%        2d3       26%         4
 Petrify                  Alch/Erth      4%         N/A       41%         4
 Irradiate                Conj/Alch      5%         3d13      54%         5
 Starburst                Conj/Fire      12%        6d5       65%         6
 Maxwell's Capacitive Co  Air            2%         ∞         100%        8


Dungeon Overview and Level Annotations

Branches:
Dungeon (5/15)             Temple (0/1) D:4

Altars:
Vehumet
Xom

Annotations:
D:3 exclusion: statue
D:5 Prince Ribbit


Message History

The scorpion stings you.
Casting: Scorch (safe; 1% risk of failure)
Confirm with . or Enter, or press ? or * to list all spells.
Flames lash the scorpion.
The scorpion is burned terribly!
You kill the scorpion!
Vehumet accepts your kill.
You can now gain magical power from killing.
Vehumet offers you knowledge of Kiss of Death.
You have reached level 7!
o - 3 murky pink potions (gained 2)
You reach down and open the door.
There is an open door here.
Prince Ribbit comes into view.
Prince Ribbit gives a loud, deep croak!
Prince Ribbit blinks!
Prince Ribbit is nearby!
Prince Ribbit is nearby!
Prince Ribbit is nearby!
Casting: Scorch (safe; 1% risk of failure)
Confirm with . or Enter, or press ? or * to list all spells.
Flames lash Prince Ribbit.
Prince Ribbit is lightly wounded.
Prince Ribbit's fire resistance burns away.
Casting: Scorch (safe; 1% risk of failure)
Confirm with . or Enter, or press ? or * to list all spells.
Flames lash Prince Ribbit.
Prince Ribbit is burned terribly!
Prince Ribbit is heavily wounded.
Prince Ribbit blinks!
Casting: Scorch (safe; 1% risk of failure)
Confirm with . or Enter, or press ? or * to list all spells.
You can't see any susceptible monsters within range! (Use Z to cast anyway.) Prince Ribbit blinks!
Prince Ribbit hits you! x2
* * * LOW HITPOINT WARNING * * *
Casting: Scorch (safe; 1% risk of failure)
Confirm with . or Enter, or press ? or * to list all spells.
Flames lash Prince Ribbit.
Prince Ribbit is burned terribly!
Prince Ribbit is severely wounded.
Prince Ribbit hits you!
You die...

## .. .. . ..# .#
###.# ###.# ....
#@F.# ... #.###
#.# ####.# ##..#
#.# ####....#
..... #..
#....##.# #.^. #
# #..
#.##########..#
#.#.##..
#.#.......##..#
#.......
#.#...⌠...##..#
##.#.#..
#.#..§.≈..##..###
##.>.


You could see Prince Ribbit (combustible).

Vanquished Creatures
  An ice beast (D:5)
  2 scorpions
  A bombardier beetle (D:4)
  A hound (D:4)
  A sleepcap (D:4)
  3 iguanas
  3 adders
  A white imp (D:5)
  2 dart slugs
  11 orcs
  10 ball pythons
  13 endoplasms
  2 giant cockroaches
  6 hobgoblins
  7 jackals
  7 kobolds
  3 quokkas
  5 bats
  3 frilled lizards
  12 goblins
  7 rats
101 creatures vanquished.

Vanquished Creatures (others)
  211 foxfires
211 creatures vanquished.

Grand Total: 312 creatures vanquished

Notes
Turn   | Place    | Note
-------+----------+-------------------------------------------
     0 | D:1      | hawla the Deep Elf Fire Elementalist began the quest for
                  | the Orb.
     0 | D:1      | Reached XP level 1. HP: 10/10 MP: 6/6
   240 | D:1      | Reached skill level 4 in Fire Magic
   240 | D:1      | Reached XP level 2. HP: 9/15 MP: 5/8
   558 | D:1      | Reached XP level 3. HP: 19/19 MP: 6/9
   561 | D:1      | Learned a level 2 spell: Scorch
  1504 | D:2      | Noticed a scorpion
  1511 | D:2      | Killed a scorpion
  1512 | D:2      | Reached skill level 5 in Fire Magic
  1512 | D:2      | Reached XP level 4. HP: 24/24 MP: 2/10
  1517 | D:2      | Learned a level 4 spell: Flame Wave
  1591 | D:2      | Identified the +6 quarterstaff of Calculation {flame, Fly
                  | Str+4 Dex+3}
  1903 | D:2      | Reached skill level 6 in Fire Magic
  2600 | D:3      | Found a radiant altar of Vehumet.
  2600 | D:3      | Noticed a frost-covered statue
  2609 | D:3      | Became a worshipper of Vehumet
  2622 | D:3      | Reached XP level 5. HP: 9/28 MP: 3/11
  2721 | D:3      | Found a shimmering altar of Xom.
  3079 | D:3      | Found a faded altar of an unknown god.
  3511 | D:4      | Reached skill level 1 in Staves
  3583 | D:4      | Found a staircase to the Ecumenical Temple.
  3615 | D:4      | Reached XP level 6. HP: 32/32 MP: 13/13
  3901 | D:5      | Entered Level 5 of the Dungeon
  3962 | D:5      | Noticed an ice beast
  3967 | D:5      | Killed an ice beast
  3991 | D:5      | Reached skill level 1 in Fighting
  4084 | D:5      | Reached * piety under Vehumet
  4084 | D:5      | Offered knowledge of Kiss of Death by Vehumet.
  4085 | D:5      | Reached XP level 7. HP: 33/38 MP: 2/14
  4187 | D:5      | Noticed Prince Ribbit
  4193 | D:5      | Slain by Prince Ribbit

Illustrated notes

Levels and vault maps discovered:
D:1:      lemuel_arrival_rhombus, layout_loops_ring, minivault_26
D:2:      layout_loops_corners
D:3:      layout_basic, vehumet_statue, mainiacjoe_overflow_six_doors_small,
          hellmonk_ecumenical_altar_heavens_door, chequers_serial_rivers_micro_b
D:4:      layout_cave_pools, minmay_temple_entry_grid, minmay_ruptured
D:5:      layout_loops_ring, ebering_ghost_disaster_area,
          kennysheep_generic_room_10, uniq_prince_ribbit1

Skill      XL: |  1  2  3  4  5  6 |
---------------+-------------------+-----
Fire Magic     | 4 5 6 |  6.6
Conjurations   | 2 |  2.8
Staves         | 1 2 |  2.9
Fighting       | 1 |  1.2
Dodging        | 3 |  3.3
Stealth        | |  2.4
Spellcasting   | |  3.6

Action                     |  1- 3 |  4- 6 |  7- 9 || total
---------------------------+-------+-------+-------++-------
  Melee: Unarmed           |    11 |       |       ||    11
         Quarterstaff      |       |    17 |       ||    17
   Cast: Foxfire           |    60 |    65 |       ||   125
         Scorch            |     3 |    30 |     3 ||    36
         Flame Wave        |       |     4 |       ||     4
    Use: Scroll            |     2 |     7 |       ||     9
 Armour: Robe              |    11 |    15 |     3 ||    29
  Dodge: Dodged            |    20 |    21 |       ||    41
